 Dungeon Crawl Stone Soup version bcrawl-1.13.2 (webtiles) character file.

Game seed: 6503621737823374712

3285 Felnil the Blocker (level 9, -3/60 HPs)
             Began as a Skeleton Fighter on Aug 10, 2019.
             Was a Believer of Ashenzari.
             Slain by a troll (9 damage)
             ... on level 7 of the Dungeon.
             The game lasted 00:27:42 (8418 turns).

Felnil the Blocker (Skeleton Fighter)               Turns: 8418, Time: 00:27:43

Health: -3/60      AC:  8    Str: 26      XL:     9   Next: 69%
Magic:  0/9        EV: 10    Int: 10 (11) God:    Ashenzari [**....]
Gold:   565        SH: 16    Dex:  7 (8)  Spells: 8/8 levels left

rFire    . . .     SeeInvis .   o - +5 hand axe (flame) (curse)
rCold    + . .     Gourm    .   c - +4 shield (curse)
rNeg     + + +     Faith    .   n - +1 ring mail "Jyfiadil" {*Slow +Fly Int+4} (curse)
rPois    ∞         Spirit   +   (no helmet)
rElec    .         Reflect  .   (no cloak)
rCorr    +         Harm     .   (no gloves)
MR       ++...                  (no boots)
Stlth    +.........             (no amulet)
HPRegen  0.20/turn              g - ring of resist corrosion (curse)
MPRegen  0.11/turn              i - ring of protection from magic (curse)

@: no status effects
A: no food or potions, cold resistance 1, deterioration 1, negative energy
resistance 3, powered by death 1, torment resistance, unbreathing, magic shield,
sturdy frame 1, spell healing
a: Curse Item, Scrying, Renounce Religion, Evoke Flight


You were on level 7 of the Dungeon.
You worshipped Ashenzari.
Ashenzari was pleased with you.
You were not hungry.

You visited 1 branch of the dungeon, and saw 8 of its levels.

You collected 565 gold pieces.

Inventory:

Hand Weapons
 a - a +0 war axe
 b - a +2 quarterstaff of chaos
 j - a +2 shortbow of freezing
 o - a cursed +5 hand axe of flaming (weapon)
 q - a +4 hunting sling
 r - a +2 mace of crushing
 s - the cursed +11 mace of Asaus {freeze, rPois Str-3 Int+2 Dex+5}
   (You found it on level 6 of the Dungeon)

   It has been specially enchanted to freeze those struck by it, causing extra
   injury to most foes and up to half again as much damage against particularly
   susceptible opponents.
   It can also slow down cold-blooded creatures.
   It affects your strength (-3).
   It affects your intelligence (+2).
   It affects your dexterity (+5).
   It protects you from poison.
   It has a curse placed upon it.
Missiles
 e - 202 tomahawks (quivered)
 l - 895 arrows
Armour
 c - a cursed +4 shield (worn)
 n - the cursed +1 ring mail "Jyfiadil" (worn) {*Slow +Fly Int+4}
   (You took it off an orc on level 5 of the Dungeon)

   It affects your intelligence (+4).
   It lets you fly.
   It may slow you when you take damage.
   It has a curse placed upon it.
Jewellery
 d - a cursed ring of insulation
 g - a cursed ring of resist corrosion (left hand)
 i - a cursed ring of protection from magic (right hand)
Wands
 p - a wand of acid (6)
Scrolls
 f - 2 scrolls of identify
 h - 2 scrolls of teleportation
 k - 2 scrolls of amnesia
 m - 2 scrolls of magic mapping
 t - a scroll of noise {unknown}
 u - 3 scrolls of remove curse


   Skills:
 + Level 8.6 Fighting
 - Level 2.4(4.2) Axes
 + Level 9.3 Armour
 + Level 10.1(11.4) Shields


You had 8 spell levels left.
You didn't know any spells.
Your spell library contained the following spells:

 Spells                   Type           Power        Failure   Level  Hunger
 Freeze                   Ice            #.....       56%         1    N/A
 Throw Frost              Conj/Ice       #.....       71%         2    N/A
 Ozocubu's Armour         Chrm/Ice       #.......     90%         3    N/A
 Summon Ice Beast         Ice/Summ       #.......     100%        4    N/A
 Throw Icicle             Conj/Ice       #.......     100%        4    N/A

Dungeon Overview and Level Annotations

Branches:
Dungeon (8/12)             Temple (0/1) D:6
   Lair: D:7-10         Orc: D:8-11

Altars:
Ashenzari
Cheibriados
Kikubaaqudgha
Nemelex Xobeh

Shops:
D:4 =

Annotations:
D:5 3 runed translucent doors, McKennaii's ghost, novice OnWz


Innate Abilities, Weirdness & Mutations

You do not eat or drink.
You are immune to poison.
Your flesh is cold resistant. (rC+)
Your body sometimes deteriorates upon taking damage.
You are immune to negative energy. (rN+++)
You regenerate a little health from kills.
You are immune to unholy pain and torment.
You can survive without breathing.
When hurt, damage is shared between your health and your magic reserves.
Your movements are slightly less encumbered by armour. (ER -2)
Casting spells heals you.


Message History

The troll bites you. The troll barely misses you. The troll closely misses you.
You closely miss the troll.
The troll is moderately wounded.
You block the troll's attack. The troll claws you but does no damage.
The troll claws you.
* * * LOW HITPOINT WARNING * * *
You slash the troll! You burn the troll.
The troll is severely wounded.
The troll bites you.
* * * LOW HITPOINT WARNING * * *
The troll closely misses you. You block the troll's attack.
You slash the troll! You burn the troll.
The troll is almost dead.
The troll barely misses you. You block the troll's attack. x2
The troll bites you.
* * * LOW HITPOINT WARNING * * *
The troll claws you!
* * * LOW HITPOINT WARNING * * *
The troll claws you!
You die...

.#..#.........................###
.#..#.........................#
.#..#....................[....#
.#..#.........................#
.#..#.........................#
.#..#.....#####...............###
.#..#.....#...###'##.............
.#..'.....#........#....<........
.#..#.....#....T@..#.............
.#+##.....#...###'##.............
..........#...##......###########
..........#....#......#....#.....
..........#....#......#....'.....
#.........#....#......#....#.....
#.........#....#......#....#.....
#>.)......#....#......#....#.....
#.........##'###......#.####.##..


You could see a troll.

Vanquished Creatures
  An ugly thing (D:7)
  2 yaks (D:7)
  A water moccasin (D:6)
  An orc warrior (D:6)
  2 sky beasts
  2 ice beasts
  2 ogres
  A phantom (D:5)
  3 centaurs (D:5)
  Blork the orc (D:6)
  A big kobold (D:6)
  3 bullfrogs
  A killer bee (D:5)
  2 howler monkeys (D:5)
  A bullfrog zombie (D:6)
  8 crimson imps
  A quasit (D:7)
  2 hounds
  2 jellies
  Crazy Yiuf (D:6)
  2 bullfrog skeletons
  4 orc priests
  An iguana (D:5)
  An orc wizard (D:4)
  5 worker ants
  A hound zombie (D:6)
  A hound skeleton (D:6)
  A worker ant zombie (D:5)
  Robin (D:3)
  8 adders
  3 gnolls (D:5)
  2 shadow imps (D:5)
  An adder zombie (D:5)
  2 worms
  5 dart slugs
  3 leopard geckos
  14 orcs
  3 bats
  3 giant cockroaches
  11 goblins
  10 hobgoblins
  6 jackals
  5 kobolds
  3 quokkas
  A frilled lizard (D:5)
  7 rats
142 creatures vanquished.

Notes
Turn   | Place    | Note
-------+----------+-------------------------------------------
     0 | D:1      | Felnil the Skeleton Fighter began the quest for the Orb.
     0 | D:1      | Reached XP level 1. HP: 14/14 MP: 1/1
   517 | D:1      | Reached XP level 2. HP: 19/19 MP: 2/2
   560 | D:1      | Reached skill level 4 in Shields
  1045 | D:1      | Reached XP level 3. HP: 22/23 MP: 1/3
  1278 | D:2      | Found a shattered altar of Ashenzari.
  1297 | D:2      | Became a worshipper of Ashenzari the Shackled
  1751 | D:3      | Found a sparkling altar of Nemelex Xobeh.
  2084 | D:3      | Reached XP level 4. HP: 24/29 MP: 4/4
  2807 | D:4      | Noticed Robin
  3328 | D:4      | Found a snail-covered altar of Cheibriados.
  3446 | D:4      | Reached skill level 5 in Shields
  3446 | D:4      | Reached XP level 5. HP: 33/33 MP: 5/5
  3493 | D:3      | Killed Robin
  3688 | D:4      | Found Duorub's Jewellery Emporium.
  3695 | D:4      | Noticed an ice beast
  3700 | D:4      | Killed an ice beast
  3718 | D:4      | Reached skill level 5 in Armour
  3718 | D:4      | Gained mutation: You regenerate a little health from kills.
                  | [Skeleton growth]
  3718 | D:4      | Reached XP level 6. HP: 39/39 MP: 6/6
  3957 | D:4      | Reached skill level 5 in Fighting
  3957 | D:4      | Reached skill level 6 in Shields
  4268 | D:5      | Entered Level 5 of the Dungeon
  4315 | D:5      | Reached XP level 7. HP: 18/44 MP: 2/7
  4581 | D:5      | Found a runed translucent gate.
  4581 | D:5      | Found a runed translucent gate.
  4582 | D:5      | Found a runed translucent gate.
  4696 | D:5      | Noticed McKennaii's ghost (novice OnWz)
  4749 | D:5      | Reached * piety under Ashenzari
  4932 | D:5      | Reached skill level 7 in Shields
  5085 | D:5      | Identified the +1 ring mail "Jyfiadil" {*Slow +Fly Int+4}
  5126 | D:5      | Reached XP level 8. HP: 41/51 MP: 8/8
  5295 | D:5      | Reached skill level 8 in Shields
  5694 | D:6      | Noticed Blork the orc
  5711 | D:6      | Killed Blork the orc
  5850 | D:6      | Reached XP level 9. HP: 57/57 MP: 9/9
  5868 | D:6      | Reached skill level 9 in Shields
  5871 | D:6      | Found a staircase to the Ecumenical Temple.
  5906 | D:6      | Found an ancient bone altar of Kikubaaqudgha.
  6148 | D:6      | Identified the +5 mace "Puzidgh" {holy, rC++ Dex+3}
  6153 | D:6      | Found a runed door.
  6178 | D:6      | Identified the +11 mace of Asaus {freeze, rPois Str-3 Int+2
                  | Dex+5}
  6204 | D:6      | Noticed Crazy Yiuf
  6206 | D:6      | Killed Crazy Yiuf
  6372 | D:7      | Reached ** piety under Ashenzari
  6752 | D:7      | Noticed a brown ugly thing
  6774 | D:7      | HP: 2/58 [acid (5)]
  7227 | D:7      | Killed a brown ugly thing
  7714 | D:8      | Noticed a troll
  7741 | D:7      | Reached skill level 10 in Shields
  8301 | D:8      | Noticed a komodo dragon
  8418 | D:7      | Slain by a troll

Skill      XL: |  1  2  3  4  5  6  7  8  9 |
---------------+----------------------------+-----
Shields        | 4 5 6 7 8 10 | 10.1
Armour         | 4 5 6 8 9 |  9.3
Fighting       | 4 5 6 7 8 |  8.6
Axes           | |  2.4

Action                   |  1- 3 |  4- 6 |  7- 9 || total
-------------------------+-------+-------+-------++-------
Melee: War axe           |   149 |       |       ||   149
       Hand axe          |     7 |   112 |   290 ||   409
Throw: Tomahawk          |       |       |     5 ||     5
Invok: Curse Item        |     3 |     2 |     2 ||     7
Evoke: Wand              |       |       |     2 ||     2
  Use: Scroll            |       |    12 |     8 ||    20
Armor: Scale mail        |    68 |    32 |    23 ||   123
       Ring mail         |       |       |    48 ||    48
Dodge: Dodged            |    59 |    39 |   100 ||   198
Block: Shield            |    81 |    68 |   256 ||   405
